[Event "December 5 Early 2023"]
[Site "https://www.chess.com"]
[Date "2023.12.05"]
[Round "3"]
[White "Viana Da Costa, Fernando"]
[Black "Sarkar, Justin"]
[Result "1-0"]
[Board "157"]
[TimeControl "180+1"]
[WhiteFideId "2111900"]
[BlackFideId "2010011"]
[WhiteElo "2567"]
[BlackElo "2294"]
[WhiteTeam "BRA"]
[BlackTeam "USA"]
[WhiteClock "0:00:49"]
[BlackClock "0:00:00"]

1. e4 c5 2. Nf3 Nc6 3. d4 cxd4 4. Nxd4 g6 5. Nc3 Bg7 6. Be3 Nf6 7. Bc4 Qa5 8. O-O O-O 9. Bb3 d6 10. h3 Bd7 11. Re1 Nxd4 12. Bxd4 Bc6 13. Nd5 Bxd5 14. exd5 Rfe8 15. c3 Nd7 16. Bxg7 Kxg7 17. Qd4+ Kg8 18. Re3 Qb6 19. Qh4 Nc5 20. c4 Nxb3 21. axb3 e5 22. dxe6 Rxe6 23. Rxe6 fxe6 24. Qe7 d5 25. c5 Qc6 26. Re1 Re8 27. Qd6 Qxd6 28. cxd6 Kf7 29. Rc1 Kf6 30. Rc7 Rd8 31. Rxb7 Rxd6 32. Rxa7 Rb6 33. Ra3 d4 34. Kf1 e5 35. f3 h5 36. Ke2 Kf5 37. g3 Rb5 38. Kd3 Rb4 39. Kc2 g5 40. Ra8 h4 41. Rf8+ Ke6 42. gxh4 gxh4 43. Rh8 Rb7 44. Rxh4 Rf7 45. b4 Rxf3 46. b5 Kd5 47. Rh6 e4 48. b6 Rf2+ 49. Kb3 e3 50. b7 Rf8 51. Kc2 Ke4 52. Re6+ Kf3 53. Rf6+ Rxf6 54. b8=Q Rf4 55. Kd3 1-0

[Event "December 5 Early 2023"]
[Site "https://www.chess.com"]
[Date "2023.12.05"]
[Round "3"]
[White "Taboas Rodriguez, Daniel"]
[Black "Clawitter, Craig"]
[Result "1-0"]
[Board "158"]
[TimeControl "180+1"]
[WhiteFideId "2208466"]
[BlackFideId "2023105"]
[WhiteElo "2565"]
[BlackElo "2262"]
[WhiteTeam "ESP"]
[BlackTeam "USA"]
[WhiteClock "0:01:05"]
[BlackClock "0:00:00"]

1. d4 e6 2. Nf3 Nf6 3. c4 d5 4. Bg5 Be7 5. e3 h6 6. Bh4 O-O 7. Nc3 b6 8. Bd3 dxc4 9. Bxc4 Bb7 10. O-O c5 11. Qe2 Nbd7 12. Rad1 Ne4 13. Nxe4 Bxe4 14. Bg3 Qc8 15. Bb5 Bc6 16. Ba6 Bb7 17. Bb5 Bc6 18. Bd3 Rd8 19. Rc1 a5 20. e4 Qb7 21. Rfd1 Nf6 22. e5 Nd5 23. Qe4 g6 24. Qg4 Bf8 25. Bh4 Rdc8 26. Bf6 1-0

[Event "December 5 Early 2023"]
[Site "https://www.chess.com"]
[Date "2023.12.05"]
[Round "3"]
[White "Stankovic, Boris"]
[Black "Deveci, Huseyin Said"]
[Result "1-0"]
[Board "159"]
[TimeControl "180+1"]
[WhiteFideId "985317"]
[BlackFideId "26322455"]
[WhiteElo "2562"]
[BlackElo "2256"]
[WhiteTeam "SRB"]
[BlackTeam "TUR"]
[WhiteClock "0:00:17"]
[BlackClock "0:00:17"]

1. f4 g6 2. g3 Bg7 3. Bg2 c6 4. e4 d5 5. e5 e6 6. d3 c5 7. Nc3 Nc6 8. Nf3 Nge7 9. O-O h5 10. Kh1 Nf5 11. Ng5 b6 12. a4 Bb7 13. Bd2 Qe7 14. Ne2 O-O-O 15. a5 Bh6 16. axb6 axb6 17. Nc3 Bxg5 18. fxg5 c4 19. Nb5 h4 20. g4 Ng3+ 21. Kg1 Nxf1 22. Nd6+ Rxd6 23. exd6 Qxd6 24. Qxf1 h3 25. Bf3 Nd4 26. Bc3 Qf4 27. Bd1 Qe3+ 28. Qf2 Qxf2+ 29. Kxf2 e5 30. Ra4 b5 31. Rb4 Bc6 32. b3 cxb3 33. cxb3 Ne6 34. Bxe5 Re8 35. Bf6 Nc5 36. Be2 Kd7 37. Rf4 Ne6 38. Rf3 Nd4 39. Bxd4 1-0

[Event "December 5 Early 2023"]
[Site "https://www.chess.com"]
[Date "2023.12.05"]
[Round "3"]
[White "De Souza, Cristiano Gomes"]
[Black "Jeet, Jain"]
[Result "0-1"]
[Board "160"]
[TimeControl "180+1"]
[WhiteFideId "2151758"]
[BlackFideId "5073022"]
[WhiteElo "2265"]
[BlackElo "2562"]
[WhiteTeam "BRA"]
[BlackTeam "IND"]
[WhiteClock "0:00:01"]
[BlackClock "0:00:25"]

1. d4 d6 2. c4 Nd7 3. Nf3 Ngf6 4. Nc3 g6 5. e4 Bg7 6. Be2 O-O 7. O-O c6 8. h3 e5 9. Be3 Re8 10. d5 c5 11. Ne1 a6 12. Nd3 Rb8 13. a3 b5 14. cxb5 axb5 15. b4 c4 16. Nb2 h6 17. a4 bxa4 18. Rxa4 Nb6 19. Ra5 Qc7 20. Nb5 Qd8 21. f3 Nfd7 22. Nxc4 Nxc4 23. Bxc4 Nb6 24. Be2 f5 25. Na7 Bd7 26. Nc6 Bxc6 27. dxc6 Qc7 28. Qb3+ Kh8 29. b5 Nc8 30. Qa3 Bf8 31. exf5 gxf5 32. Ra1 d5 33. Bc5 Bg7 34. b6 Qxc6 35. Bf2 Qg6 36. Rb5 e4 37. Rd1 Nxb6 38. Qb3 Nd7 39. Rxb8 Rxb8 40. Qxd5 Nf6 41. Qd6 Rb2 42. Kf1 Qf7 43. Bd4 Rb7 44. Qc6 Nh5 45. Bxg7+ Kxg7 46. Rd6 e3 47. Bd3 Nf4 48. Qc3+ Kh7 49. Rf6 e2+ 50. Bxe2 Rb1+ 51. Kf2 Qa7+ 52. Kg3 Nh5+ 53. Kh4 Nxf6 54. Qxf6 Rb4+ 55. g4 fxg4 56. Bd3+ Kg8 57. Qe6+ Qf7 58. Qc8+ Kg7 59. Qc3+ Qf6+ 60. Qxf6+ Kxf6 61. hxg4 Rd4 62. Be4 Ra4 63. Kh5 Kg7 64. g5 Ra5 65. f4 hxg5 66. fxg5 Re5 67. Bg6 Re3 68. Bc2 Re2 69. Bf5 Rf2 70. Be6 Rh2+ 71. Kg4 Kf8 72. Kf5 Ke7 73. Bd5 Rf2+ 74. Kg6 Rd2 75. Be4 Rd4 76. Bf5 Rd6+ 77. Kh5 Kf7 78. Bg4 Rd5 79. Be2 Kg7 80. Bc4 Rc5 81. Bd3 Rc3 82. Bf5 Rc1 83. Kg4 Rg1+ 84. Kf4 Kf8 85. Ke5 Ke7 86. g6 Rg2 87. Be4 Rg1 88. Bf5 Kf8 89. Kf6 Rg2 90. Be6 Rf2+ 91. Bf5 Kg8 92. Kg5 Kg7 93. Be4 Re2 94. Bf5 Re5 95. Kf4 Kf6 96. Be4 Rg5 97. Ke3 Ke5 98. Bd3 Rg3+ 99. Kd2 Kd4 100. Bf5 Rg2+ 101. Ke1 Ke3 102. Kf1 Rf2+ 103. Kg1 Rxf5 0-1

[Event "December 5 Early 2023"]
[Site "https://www.chess.com"]
[Date "2023.12.05"]
[Round "3"]
[White "Player, Edmund C"]
[Black "Aydin, Gulenay"]
[Result "0-1"]
[Board "161"]
[TimeControl "180+1"]
[WhiteFideId "406520"]
[BlackFideId "34557431"]
[WhiteElo "2231"]
[BlackElo "2560"]
[WhiteTeam "ENG"]
[BlackTeam "TUR"]
[WhiteClock "0:00:00"]
[BlackClock "0:00:15"]

1. Nc3 Nf6 2. e4 d6 3. d4 e5 4. Nf3 Nbd7 5. Bc4 Be7 6. O-O O-O 7. Re1 c6 8. a4 h6 9. Nh4 exd4 10. Qxd4 Ne5 11. Bb3 Nh7 12. Nf5 Bxf5 13. exf5 Bf6 14. Qb4 Qc7 15. Ne4 Rad8 16. Nxf6+ Nxf6 17. Qh4 Ned7 18. Bf4 Rfe8 19. Rad1 Qa5 20. c3 Qxf5 21. Bxd6 Ne5 22. Bxe5 Rxd1 23. Rxd1 Qxe5 24. Qc4 Qe2 25. Qxf7+ Kh8 26. h3 Qxb2 27. Kh2 Qxc3 28. Rd7 Qe5+ 29. g3 Nxd7 30. Qxd7 Rf8 31. Qd2 Qf6 32. Kg2 Qf3+ 33. Kg1 Qxb3 34. Qd6 Qf3 0-1

[Event "December 5 Early 2023"]
[Site "https://www.chess.com"]
[Date "2023.12.05"]
[Round "3"]
[White "Rogov, Matfey"]
[Black "Borawski, Jakub"]
[Result "0-1"]
[Board "162"]
[TimeControl "180+1"]
[WhiteFideId "44191308"]
[BlackFideId "1143000"]
[WhiteElo "2559"]
[BlackElo "2227"]
[WhiteTeam "RUS"]
[BlackTeam "POL"]
[WhiteClock "0:00:00"]
[BlackClock "0:00:18"]

1. e4 e5 2. Nf3 Nc6 3. c3 Nf6 4. d4 exd4 5. e5 Nd5 6. Qb3 Nb6 7. cxd4 d5 8. Bd3 Bb4+ 9. Nc3 O-O 10. h3 f5 11. O-O f4 12. Bd2 Bxc3 13. Qxc3 a5 14. Rac1 Be6 15. Bb5 Bd7 16. Rfe1 Qc8 17. Bxc6 bxc6 18. Qc5 Bxh3 19. gxh3 Qxh3 20. Nh2 f3 21. Nxf3 Rxf3 22. Rc3 Qg4+ 23. Kf1 Raf8 24. Rxf3 Qxf3 25. Be3 Nc4 0-1

[Event "December 5 Early 2023"]
[Site "https://www.chess.com"]
[Date "2023.12.05"]
[Round "3"]
[White "Mishra, Manoj"]
[Black "Teterev, Vitaly"]
[Result "0-1"]
[Board "163"]
[TimeControl "180+1"]
[WhiteFideId "5006007"]
[BlackFideId "13501429"]
[WhiteElo "2222"]
[BlackElo "2559"]
[WhiteTeam "IND"]
[BlackTeam "BLR"]
[WhiteClock "0:00:22"]
[BlackClock "0:01:21"]

1. d4 Nf6 2. Bf4 c5 3. d5 d6 4. Nc3 a6 5. a4 e5 6. dxe6 Bxe6 7. e4 Nc6 8. Nf3 Be7 9. h3 O-O 10. Bd3 d5 11. e5 Nd7 12. h4 c4 13. Bxh7+ Kxh7 14. Ng5+ Kg8 15. Qh5 Bf5 16. Nxd5 Bg6 17. Qe2 Ndxe5 18. O-O-O Nd3+ 19. cxd3 Qxd5 20. dxc4 Qf5 21. Rd5 Qb1+ 22. Kd2 Bb4+ 23. Ke3 Qxh1 0-1

[Event "December 5 Early 2023"]
[Site "https://www.chess.com"]
[Date "2023.12.05"]
[Round "3"]
[White "Durucay, Uygar"]
[Black "Chemin, Justo Reinaldo"]
[Result "1-0"]
[Board "164"]
[TimeControl "180+1"]
[WhiteFideId "44591560"]
[BlackFideId "2101580"]
[WhiteElo "2555"]
[BlackElo "2221"]
[WhiteTeam "TUR"]
[BlackTeam "BRA"]
[WhiteClock "0:01:18"]
[BlackClock "0:00:00"]

1. d4 d5 2. c4 dxc4 3. e3 e6 4. Bxc4 a6 5. Nf3 b5 6. Be2 Bb7 7. O-O Nf6 8. a4 b4 9. b3 Nbd7 10. Bb2 Be7 11. Nbd2 O-O 12. Nc4 a5 13. Nfe5 Nxe5 14. Nxe5 Nd5 15. Rc1 Qe8 16. Bb5 Qd8 17. Nd7 c6 18. Bxc6 Bxc6 19. Nxf8 Rc8 20. Nxe6 fxe6 21. Qg4 Qd7 22. Rc2 Nf6 23. Qe2 Qd5 24. f3 Qxb3 25. Rfc1 Qxa4 26. Qa6 Rc7 27. Rxc6 Rxc6 28. Qxc6 Qxc6 29. Rxc6 a4 30. Rxe6 Kf7 31. Ra6 a3 32. Bc1 Nd5 33. e4 Nc3 34. Kf2 Nd1+ 35. Ke2 Nc3+ 36. Kd3 a2 37. Bb2 Nd1 38. Kc2 Ne3+ 39. Kb3 Nxg2 40. Rxa2 Ne1 41. d5 Nxf3 42. Ra7 Nxh2 43. d6 Ke8 44. Rxe7+ Kd8 45. Rxg7 Nf3 46. e5 Nxe5 47. Bxe5 h5 48. Bf6+ 1-0

[Event "December 5 Early 2023"]
[Site "https://www.chess.com"]
[Date "2023.12.05"]
[Round "3"]
[White "Rodriguez Avila, Alvaro"]
[Black "Iskusnyh, Sergei"]
[Result "1-0"]
[Board "165"]
[TimeControl "180+1"]
[WhiteFideId "24570249"]
[BlackFideId "4120027"]
[WhiteElo "2220"]
[BlackElo "2553"]
[WhiteTeam "ESP"]
[BlackTeam "RUS"]
[WhiteClock "0:00:04"]
[BlackClock "0:00:00"]

1. e4 e6 2. d4 d5 3. Nc3 Nf6 4. e5 Nfd7 5. Nce2 c5 6. c3 Nc6 7. f4 Qb6 8. Nf3 f6 9. dxc5 Bxc5 10. Ned4 fxe5 11. Nxe6 Bf2+ 12. Ke2 exf4 13. Nc7+ Qxc7 14. Kxf2 Qb6+ 15. Ke1 O-O 16. Qxd5+ Kh8 17. Be2 Nf6 18. Qb5 Qc7 19. Kf1 Bd7 20. Qg5 Ne4 21. Qh4 Rae8 22. Bd3 Bf5 23. Bxf4 Nd2+ 24. Bxd2 Bxd3+ 25. Kg1 Qb6+ 26. Qf2 Qxb2 27. Re1 Rxe1+ 28. Bxe1 Qc1 29. Qd2 Qb1 30. h4 Be4 31. Rh3 Re8 32. Kh2 Bxf3 33. Rxf3 h6 34. Bf2 Ne5 35. Rg3 Qf5 36. Bd4 Ng4+ 37. Rxg4 Qxg4 38. Qxh6+ Kg8 39. Qg5 Qxg5 40. hxg5 1-0

[Event "December 5 Early 2023"]
[Site "https://www.chess.com"]
[Date "2023.12.05"]
[Round "3"]
[White "Waldhausen Gordon, Frederick"]
[Black "Palmer, Reegan"]
[Result "0-1"]
[Board "166"]
[TimeControl "180+1"]
[WhiteFideId "2409143"]
[BlackFideId "14322145"]
[WhiteElo "2552"]
[BlackElo "2215"]
[WhiteTeam "SCO"]
[BlackTeam "RSA"]
[WhiteClock "0:01:02"]
[BlackClock "0:00:21"]

1. Nf3 c5 2. e4 d6 3. Bb5+ Nd7 4. c3 Nf6 5. Bd3 g6 6. O-O Bg7 7. Bc2 O-O 8. d4 cxd4 9. cxd4 e5 10. d5 Nh5 11. a4 Qe8 12. Nc3 a6 13. Nh4 Qe7 14. g3 Ndf6 15. f3 Bh3 16. Rf2 Nd7 17. Bd3 f5 18. Bf1 Bxf1 19. Qxf1 f4 20. Qg2 Nc5 21. Rf1 Rac8 22. Qh3 Bf6 23. Ng2 Nd3 24. g4 Ng7 25. Ne1 Nc5 26. Qg2 h5 27. gxh5 gxh5 28. Qe2 Kh7 29. Nd3 Nb3 30. Ra3 Nd4 31. Qg2 Rg8 32. Kh1 Ngf5 33. Qh3 Nh4 34. Bd2 Rg2 35. Be1 Rcg8 36. Bxh4 Bxh4 37. Qf5+ Nxf5 0-1

[Event "December 5 Early 2023"]
[Site "https://www.chess.com"]
[Date "2023.12.05"]
[Round "3"]
[White "Wieczorek, Zbigniew"]
[Black "Mortazavi, Ali"]
[Result "0-1"]
[Board "167"]
[TimeControl "180+1"]
[WhiteFideId "1102001"]
[BlackFideId "401323"]
[WhiteElo "2198"]
[BlackElo "2551"]
[WhiteTeam "POL"]
[BlackTeam "ENG"]
[WhiteClock "0:01:17"]
[BlackClock "0:02:27"]

1. Nf3 Nf6 2. c4 g6 3. Nc3 Bg7 4. e4 O-O 5. d4 d6 6. Be2 Bg4 7. Be3 Nbd7 8. O-O e5 9. d5 a5 10. Nd2 Bxe2 11. Qxe2 Nh5 12. b3 Nf4 13. Qf3 f5 14. exf5 gxf5 15. Bxf4 exf4 16. Ne2 Bxa1 17. Rxa1 Qf6 18. Rb1 Ne5 19. Qxf4 Rae8 20. Nd4 Ng6 0-1

[Event "December 5 Early 2023"]
[Site "https://www.chess.com"]
[Date "2023.12.05"]
[Round "3"]
[White "Hajiyev, Kanan"]
[Black "Vila Dupla, Aurelio"]
[Result "1-0"]
[Board "168"]
[TimeControl "180+1"]
[WhiteFideId "13404148"]
[BlackFideId "2203383"]
[WhiteElo "2550"]
[BlackElo "2185"]
[WhiteTeam "AZE"]
[BlackTeam "ESP"]
[WhiteClock "0:01:49"]
[BlackClock "0:00:00"]

1. d4 Nf6 2. Nf3 g6 3. c4 Bg7 4. g3 O-O 5. Bg2 c6 6. O-O d5 7. b3 Ne4 8. Bb2 dxc4 9. bxc4 c5 10. e3 Nc6 11. Nbd2 Nxd2 12. Qxd2 cxd4 13. exd4 Bg4 14. d5 Bxf3 15. Bxf3 Ne5 16. Be2 Rc8 17. Rac1 Qd6 18. Qa5 Nf3+ 19. Bxf3 Bxb2 20. Rc2 Bd4 21. Re1 Rfe8 22. Kg2 Qc5 23. Qd2 b5 24. Rec1 b4 25. Rd1 Be5 26. h4 h5 27. Qe2 Bd6 28. Bxh5 gxh5 29. Qxh5 Kg7 30. Qg5+ Kh7 31. Rd3 Rg8 32. Qf5+ Kg7 33. Rf3 Rcf8 34. Qg5+ Kh7 35. Qh5+ Kg7 36. Rf5 f6 37. Re2 1-0

[Event "December 5 Early 2023"]
[Site "https://www.chess.com"]
[Date "2023.12.05"]
[Round "3"]
[White "Erzhanov, Arman"]
[Black "Michalski, Olaf"]
[Result "1-0"]
[Board "169"]
[TimeControl "180+1"]
[WhiteFideId "4138821"]
[BlackFideId "1106740"]
[WhiteElo "2548"]
[BlackElo "2185"]
[WhiteTeam "KAZ"]
[BlackTeam "POL"]
[WhiteClock "0:00:23"]
[BlackClock "0:00:00"]

1. e4 c5 2. Nf3 a6 3. g3 e6 4. Bg2 d5 5. exd5 exd5 6. O-O Nf6 7. d4 c4 8. Nc3 Be7 9. Ne5 O-O 10. Bg5 Be6 11. Qf3 Nc6 12. Rfd1 Qb6 13. Nxc6 bxc6 14. b3 cxb3 15. axb3 h6 16. Na4 Qc7 17. Bxf6 Bxf6 18. Nc5 a5 19. Ra4 Rfe8 20. Rda1 Qb6 21. Qc3 Bf5 22. Bf1 Be4 23. Rxa5 Rxa5 24. Rxa5 Bxd4 25. Qxd4 Qxa5 26. c4 Qb6 27. h4 Rd8 28. b4 Bg6 29. cxd5 Rxd5 30. Qc3 Qd8 31. Kh2 h5 32. Bg2 Rd4 33. Nb7 Qd6 34. Bxc6 Rxb4 35. Kg2 Qd4 36. Qxd4 Rxd4 37. Bf3 Be4 38. Bxe4 Rxe4 39. Nd6 Ra4 40. Nf5 g6 41. Ne7+ Kf8 42. Nd5 Kg7 43. Ne3 Kf6 44. Nd1 Ke5 45. Nc3 Ra3 46. Nd1 Kd4 47. Kf1 Ra1 48. Ke2 Ra2+ 49. Kf3 1-0

[Event "December 5 Early 2023"]
[Site "https://www.chess.com"]
[Date "2023.12.05"]
[Round "3"]
[White "Travadon, Loic"]
[Black "Mejia, Giovanni"]
[Result "0-1"]
[Board "170"]
[TimeControl "180+1"]
[WhiteFideId "26092131"]
[BlackFideId "5209498"]
[WhiteElo "2166"]
[BlackElo "2545"]
[WhiteTeam "FRA"]
[BlackTeam "PHI"]
[WhiteClock "0:01:53"]
[BlackClock "0:01:29"]

1. e4 c5 2. Nf3 Nc6 3. Nc3 Nf6 4. Bb5 g6 5. e5 Ng4 6. Qe2 Bg7 7. Bxc6 dxc6 8. h3 Nh6 9. O-O Nf5 10. Ne4 b6 11. c3 O-O 12. g4 Nh6 13. d4 cxd4 14. cxd4 f5 15. Bxh6 fxe4 16. Qc4+ Qd5 17. Qxd5+ cxd5 18. Bxg7 Rxf3 19. Bh6 Rxh3 20. g5 Bg4 21. Rac1 Bf3 0-1

[Event "December 5 Early 2023"]
[Site "https://www.chess.com"]
[Date "2023.12.05"]
[Round "3"]
[White "Pham, Le Thao Nguyen"]
[Black "Vanek, Tomas"]
[Result "0-1"]
[Board "171"]
[TimeControl "180+1"]
[WhiteFideId "12401226"]
[BlackFideId "313459"]
[WhiteElo "2544"]
[BlackElo "2136"]
[WhiteTeam "VIE"]
[BlackTeam "CZE"]
[WhiteClock "0:00:03"]
[BlackClock "0:00:29"]

1. d4 f5 2. g3 Nf6 3. Bg2 g6 4. c3 Bg7 5. Nh3 O-O 6. Qb3+ d5 7. Nd2 c6 8. Nf3 Ng4 9. Bf4 Nd7 10. Nhg5 Nb6 11. h3 Nf6 12. Ne5 h6 13. Ngf3 g5 14. Bc1 Qe8 15. Nd3 Ne4 16. h4 g4 17. Nfe5 e6 18. Bf4 Kh7 19. f3 Nf6 20. Qc2 Nh5 21. fxg4 Nxf4 22. Nxf4 Bxe5 23. dxe5 Nc4 24. Bh3 Kg7 25. Nh5+ Kh8 26. Nf6 Qg6 27. g5 Nxe5 28. O-O-O Nd7 29. Nxd7 Bxd7 30. Qd2 e5 31. gxh6 Rae8 32. Rdg1 e4 33. Qf4 Rf7 34. h5 Qf6 35. e3 c5 36. Rf1 d4 37. c4 d3 38. Rf2 b5 39. g4 bxc4 40. g5 Qa6 41. g6 Qxa2 42. gxf7 Qa1+ 43. Kd2 Qxb2+ 44. Ke1 Qc1# 0-1

[Event "December 5 Early 2023"]
[Site "https://www.chess.com"]
[Date "2023.12.05"]
[Round "3"]
[White "Yushko, Olga"]
[Black "Baziuk, Vladyslav"]
[Result "1-0"]
[Board "172"]
[TimeControl "180+1"]
[WhiteFideId "14114500"]
[BlackFideId "34107940"]
[WhiteElo "2103"]
[BlackElo "2544"]
[WhiteTeam "UKR"]
[BlackTeam "UKR"]
[WhiteClock "0:00:06"]
[BlackClock "0:00:00"]

1. d4 Nf6 2. c4 e6 3. Nc3 d5 4. cxd5 exd5 5. Nf3 c6 6. Bg5 Be7 7. e3 Bf5 8. Bd3 Bg6 9. O-O O-O 10. Re1 Ne4 11. Bf4 Nd7 12. Rc1 a5 13. Qb3 b5 14. Nxd5 cxd5 15. Qxd5 Nef6 16. Qxb5 Bxd3 17. Qxd3 Nc5 18. Qc4 Nce4 19. Ne5 Qb6 20. Nc6 Bb4 21. Red1 h6 22. a3 Bd6 23. Bxd6 Nxd6 24. Qc2 Rfe8 25. b4 axb4 26. axb4 Nde4 27. f3 Ng5 28. e4 Ra3 29. Kh1 Rea8 30. d5 Qb5 31. Ne7+ Kh8 32. e5 Ra2 33. Qf5 Qe2 34. Rg1 Nh5 35. Rce1 Qf2 36. Ref1 Qb2 37. d6 Qc2 38. Qxc2 Rxc2 39. Rd1 Ne6 40. b5 Rb2 41. Rd5 Nhf4 42. Rdd1 Rxb5 43. g3 Ng6 44. Nc6 Nxe5 45. Nxe5 Rxe5 46. f4 Re2 47. d7 Nd8 48. Rg2 Re7 49. Rc2 Kg8 50. Rc8 Rxc8 51. dxc8=Q Kh7 52. Qxd8 Re3 53. Qd4 Re6 54. f5 Rf6 55. g4 1-0

[Event "December 5 Early 2023"]
[Site "https://www.chess.com"]
[Date "2023.12.05"]
[Round "3"]
[White "Santos Flores, Alberto"]
[Black "Ghosh, Chanchal Kumer"]
[Result "1-0"]
[Board "173"]
[TimeControl "180+1"]
[WhiteFideId "3601234"]
[BlackFideId "10201858"]
[WhiteElo "2544"]
[BlackElo "2070"]
[WhiteTeam "ECU"]
[BlackTeam "BAN"]
[WhiteClock "0:00:27"]
[BlackClock "0:00:00"]

1. e4 c5 2. Nf3 d6 3. d4 cxd4 4. Nxd4 Nf6 5. Nc3 a6 6. h3 e5 7. Nb3 b5 8. g4 Bb7 9. Bg2 h6 10. O-O Be7 11. Nd5 Nxd5 12. exd5 O-O 13. f4 exf4 14. Bxf4 Nd7 15. Nd4 Ne5 16. Kh1 Bf6 17. c3 Re8 18. Qc2 Rc8 19. Qf2 Nd3 20. Qd2 Nxf4 21. Qxf4 Rc7 22. Rae1 Rxe1 23. Rxe1 Be5 24. Qd2 Bc8 25. Nf3 Bg3 26. Re4 Re7 27. Qe2 Rxe4 28. Qxe4 Bd7 29. Nd4 Qe8 30. Kg1 Qxe4 31. Bxe4 Bf4 32. Ne2 Be5 33. Kf2 g6 34. Ke3 Kg7 35. Nd4 h5 36. gxh5 gxh5 37. Bg2 f5 38. Nf3 Bg3 39. Nd4 Kf6 40. Nc6 f4+ 41. Ke4 Bf5+ 42. Kf3 Bc8 43. Bf1 Bf5 44. a4 bxa4 45. Bxa6 Kg5 46. Bb5 Bxh3 47. Bxa4 Bf5 48. Nd4 Bg4+ 49. Kg2 h4 50. Ne6+ Kf6 51. Bb5 h3+ 52. Kg1 f3 53. Nd4 f2+ 54. Kh1 1-0

[Event "December 5 Early 2023"]
[Site "https://www.chess.com"]
[Date "2023.12.05"]
[Round "3"]
[White "Osmak, Yuliia"]
[Black "Villabrille, Roberto"]
[Result "1-0"]
[Board "174"]
[TimeControl "180+1"]
[WhiteFideId "14101602"]
[BlackFideId "103942"]
[WhiteElo "2544"]
[BlackElo "1756"]
[WhiteTeam "UKR"]
[BlackTeam "ARG"]
[WhiteClock "0:01:19"]
[BlackClock "0:00:05"]

1. e4 d5 2. exd5 Qxd5 3. Nc3 Qd6 4. d4 Nc6 5. Nf3 Nf6 6. g3 Bg4 7. Be3 e6 8. h3 Bxf3 9. Qxf3 O-O-O 10. O-O-O a6 11. Bg2 Be7 12. Kb1 h6 13. g4 Qd7 14. Rhe1 Bb4 15. Bf4 Bxc3 16. Qxc3 Nd5 17. Qg3 Nxf4 18. Qxf4 e5 19. Bxc6 exf4 20. Bxd7+ Rxd7 21. Re4 g5 22. Rde1 f6 23. Re8+ Rd8 24. Rxh8 Rxh8 25. Re6 Rf8 26. Re7 Kd8 27. Rh7 f5 28. Rxh6 fxg4 29. hxg4 Rg8 30. Kc1 Re8 31. Kd1 Re4 32. c3 f3 33. Rf6 Rxg4 34. Rxf3 Rg2 35. Ke2 g4 36. Rg3 Rxg3 37. fxg3 Ke7 38. Ke3 Kf6 39. Kf4 1-0

[Event "December 5 Early 2023"]
[Site "https://www.chess.com"]
[Date "2023.12.05"]
[Round "3"]
[White "Abdilkhair, Abilmansur"]
[Black "Papasimakopoulos, Alexandros"]
[Result "0-1"]
[Board "175"]
[TimeControl "180+1"]
[WhiteFideId "13716417"]
[BlackFideId "4244125"]
[WhiteElo "1781"]
[BlackElo "2660"]
[WhiteTeam "KAZ"]
[BlackTeam "GRE"]
[WhiteClock "0:00:10"]
[BlackClock "0:00:42"]

1. d4 e6 2. Nc3 d5 3. Bf4 Bb4 4. e3 Nf6 5. Ne2 O-O 6. a3 Bd6 7. h4 Re8 8. h5 h6 9. Bxd6 Qxd6 10. Nf4 c5 11. g3 Nc6 12. Nb5 Qe7 13. dxc5 Qxc5 14. b4 Qe7 15. c4 a6 16. Nc3 dxc4 17. Bxc4 b5 18. Be2 Bb7 19. Bf3 Ne5 20. e4 Rac8 21. Rc1 Nxf3+ 22. Qxf3 Bxe4 23. Nxe4 Rxc1+ 24. Ke2 Rxh1 25. Qxh1 Nd5 26. Nc5 Nxf4+ 27. gxf4 a5 28. Qc6 axb4 29. axb4 Rd8 30. Qxb5 Qd6 31. Qc4 Qd1+ 32. Ke3 Qe1+ 33. Kf3 Qh1+ 34. Ke3 Qxh5 35. Ne4 Qh3+ 36. Ke2 Qh5+ 37. Ke3 Qd5 38. Qxd5 exd5 39. Nc5 Rb8 40. Nd3 h5 41. Kd4 h4 42. Kc5 h3 43. f3 h2 44. Nf2 Rc8+ 45. Kxd5 Rc2 46. Nh1 Rc1 47. Ng3 Rg1 48. Nh1 Rxh1 0-1

[Event "December 5 Early 2023"]
[Site "https://www.chess.com"]
[Date "2023.12.05"]
[Round "3"]
[White "Cesar Maestre, Bernardo"]
[Black "Mendez Fortes, Eduardo Jesus"]
[Result "0-1"]
[Board "176"]
[TimeControl "180+1"]
[WhiteFideId "24542547"]
[BlackFideId "3502376"]
[WhiteElo "2413"]
[BlackElo "2559"]
[WhiteTeam "ESP"]
[BlackTeam "CUB"]
[WhiteClock "0:00:00"]
[BlackClock "0:00:48"]

1. e4 c5 2. Nf3 d6 3. d4 cxd4 4. Qxd4 Nc6 5. Qe3 Nf6 6. Nc3 g6 7. h3 Bg7 8. Bc4 O-O 9. O-O a6 10. a4 Nd7 11. Qg5 Nc5 12. Qh4 Be6 13. Ng5 h5 14. Nxe6 Nxe6 15. Nd5 Ned4 16. c3 Ne6 17. Be3 Re8 18. Rfd1 Rc8 19. f4 Ne5 20. Bf1 Nc4 21. f5 Nxe3 22. Nxe3 Nc5 23. fxg6 fxg6 24. Qg3 Kh7 25. Nd5 Nxe4 26. Qf3 Nf6 27. Nf4 Qb6+ 28. Kh1 e5 29. Ne2 d5 30. Ng3 Rcd8 31. Be2 e4 32. Qf4 Bh6 33. Qf1 Rf8 34. Qe1 h4 35. Nf1 Bg5 36. Nd2 Qc7 37. Bf1 Qf4 38. Nb3 Nh5 39. Nd4 Ng3+ 40. Kg1 e3 41. Ne6 Qf2+ 42. Qxf2 exf2+ 43. Kh2 Bf4 44. Nxf4 Rxf4 45. Bd3 Rdf8 46. Bf1 Kh6 47. Rxd5 Re4 48. Rd2 Re1 49. Rdd1 Nxf1+ 0-1

[Event "December 5 Early 2023"]
[Site "https://www.chess.com"]
[Date "2023.12.05"]
[Round "3"]
[White "Kiremitciyan, Ari"]
[Black "Senft, Sean"]
[Result "1-0"]
[Board "177"]
[TimeControl "180+1"]
[WhiteFideId "6373445"]
[BlackFideId "2044960"]
[WhiteElo "2388"]
[BlackElo "2509"]
[WhiteTeam "TUR"]
[BlackTeam "USA"]
[WhiteClock "0:00:02"]
[BlackClock "0:00:34"]

1. e4 c5 2. Nf3 d6 3. Be2 Nf6 4. c3 g6 5. O-O Bg7 6. Re1 O-O 7. Bf1 Nc6 8. d4 Bg4 9. dxc5 dxc5 10. Qxd8 Rfxd8 11. Nbd2 Bxf3 12. Nxf3 Ng4 13. h3 Nge5 14. Nxe5 Nxe5 15. Be3 b6 16. Red1 Kf8 17. f4 Nd7 18. e5 e6 19. Rd6 Ke7 20. Rad1 Nf8 21. Rxd8 Rxd8 22. Rxd8 Kxd8 23. Kf2 Nd7 24. Kf3 Kc7 25. Bb5 Bf8 26. g4 Be7 27. Ke4 Kd8 28. a4 Nb8 29. f5 Bh4 30. a5 Bg3 31. axb6 axb6 32. b4 Be1 33. bxc5 bxc5 34. Bg5+ Kc7 35. Be8 gxf5+ 36. gxf5 exf5+ 37. Kxf5 Bxc3 38. Bxf7 Nc6 39. e6 Nd4+ 40. Ke4 Nc6 41. Kd5 Bd4 42. e7 Nxe7+ 43. Bxe7 Kd7 44. Bg5 Ba1 45. Bg8 c4 46. Bxh7 c3 47. Bc2 Ke8 48. Ke6 Kf8 49. Kf6 Bb2 50. Kg6 Kg8 51. Bb3+ Kf8 52. Bf6 Ba1 53. Bc2 Bb2 54. h4 Bc1 55. h5 Bd2 56. h6 Bxh6 57. Kxh6 Kf7 58. Kg5 Ke6 59. Bxc3 Kd5 60. Kf4 Kc4 61. Be5 Kb5 62. Be4 Kc4 63. Ke3 Kc5 64. Bd4+ Kd6 65. Kf4 Ke6 66. Be5 Ke7 67. Bd5 Kd7 68. Kf5 Ke7 69. Be6 Kd8 70. Bd6 Ke8 71. Kf6 Kd8 72. Ke5 Ke8 73. Kd5 Kd8 74. Kc6 Ke8 75. Bd5 Kd8 76. Bf7 Kc8 77. Be7 Kb8 78. Be6 Ka7 79. Bb4 Ka6 80. Bc4+ Ka7 81. Bc5+ Kb8 82. Ba6 Ka8 83. Bb7+ Kb8 84. Ba6 Ka8 85. Bb5 Kb8 86. Bd6+ Ka7 87. Kc7 Ka8 88. Bc4 Ka7 89. Bc5+ Ka8 90. Bd5# 1-0